 Seeded DCSS version 0.32-a0-953-g508020473e (webtiles) character file.

Game seed: 202404161 (custom seed)

28 Orlauf the Chopper (level 3, -2/28 HPs)
             Began as a Demonspawn Gladiator on Apr 16, 2024.
             Slain by Sigmund
             ... wielding a +0 scythe
              (5 damage)
             ... on level 2 of the Dungeon.
             The game lasted 00:02:28 (1498 turns).

Orlauf the Chopper (Demonspawn Gladiator)           Turns: 1498, Time: 00:02:28

Health: -2/28      AC:  8    Str: 16    XL:     3   Next: 0%
Magic:  12/12      EV:  9    Int:  8    God:
Gold:   52         SH:  0    Dex: 14    Spells: 2/2 levels left

rFire   . . .        a - +0 war axe
rCold   + . .        (no shield)
rNeg    . . .        k - +0 scale mail
rPois   .            c - +0 helmet
rElec   .            (no cloak)
rCorr   .            (no gloves)
SInv    .            (no boots)
Will    .....        (no amulet) Stlth
                     g - ring of magical power
HPRegen 0.24/turn    i - ring of protection from cold
MPRegen 0.13/turn

%: no passive effects
@: confused
A: powered by death 1, shaggy fur 1, wild magic 2
a: no special abilities


You were on level 2 of the Dungeon.
You visited 1 branch of the dungeon, and saw 2 of its levels.

You collected 52 gold pieces.

Inventory:

Hand Weapons
 a - a +0 war axe (weapon)
Missiles
 e - a javelin
Armour
 c - a +0 helmet (worn)
 k - a +0 scale mail (worn)
Jewellery
 g - a ring of magical power (left hand)
 i - a ring of protection from cold (right hand)
Scrolls
 b - a scroll of fog {unknown}
 j - a scroll of teleportation {unknown}


   Skills:
 + Level 2.5 Fighting
 * Level 3.4 Axes
 - Level 1.7 Throwing
 - Level 2.6 Dodging


You had 2 spell levels left.
You didn't know any spells.
Your spell library contained the following spells:

 Spells                   Type           Power      Damage    Failure   Level
 Conjure Ball Lightning   Conj/Air       0%         3x3d6     100%        6
 Discord                  Hex            0%         N/A       100%        8
 Disjunction              Tloc           0%         N/A       100%        8


Dungeon Overview and Level Annotations

Branches:
Dungeon (2/15)

Altars:

Annotations:
D:2 Sigmund


Innate Abilities, Weirdness & Mutations

You regenerate a little health from kills.
You are covered in fur. (AC +1)
Your spells are harder to cast, but more powerful.


Message History

You're too confused to move!
A puff of flame appears from out of thin air!
The puff of flame hits you but does no damage.
You bump into the rock wall.
You feel less confused. Something hits you but does no damage.
You closely miss something.
Reactivating autopickup.
Sigmund appears from thin air!
Sigmund closely misses you.
Throw: throwing net
Press: ? - help, Q - select action, (/) - cycle Shift-Dir - straight line, f - Sigmund
Aim: Sigmund, wielding a +0 scythe and wearing a +0 robe (moderately wounded, 52% to hit)
You throw a throwing net.
The throwing net closely misses Sigmund.
You hit Sigmund.
Sigmund is moderately wounded.
Sigmund laughs darkly.
Sigmund casts a spell at you.
You are confused.
Sigmund barely misses you. Sigmund hits you with a +0 scythe.
Sigmund points at you and mumbles some strange words.
You are more confused.
Sigmund points at you and mumbles some strange words.
The magic dart hits you.
You miss Sigmund.
Sigmund is moderately wounded.
Sigmund says, "Your kind have come here before.
I understand now why.
You desire death..."
Sigmund closely misses you.
You hit Sigmund.
Sigmund is heavily wounded.
Sigmund gestures wildly while chanting.
Sigmund flickers and vanishes!
Deactivating autopickup; reactivate with Ctrl-A.
Something hits you!
* * * LOW HITPOINT WARNING * * *
You're too confused to move!
Something hits you.
* * * LOW HITPOINT WARNING * * *
You miss something. Something hits you.
You die...

... ..###.#.##..#.#
#.# ##. .#.##..#.#
##.## #. .#..†..#.#
....# # #..##.#.#
.#..# #.#..##.#.#
#.#.# #.........#
#.#.# ####.######
#.#.# #.(.# .##.#
########{@.# ....#
#..........#
########.#####.#.##
#........##.#.#
###...#.##.##.#.#
##.......##.##.#.#
...............#.#
##.......##......#
###...###########


There were no monsters in sight!

Vanquished Creatures
  An adder (D:2)
  2 ribbon worms (D:2)
  A ball python (D:2)
  2 endoplasms
  A giant cockroach (D:1)
  A hobgoblin (D:1)
  4 jackals (D:1)
  A frilled lizard (D:2)
  A rat (D:1)
14 creatures vanquished.

Notes
Turn   | Place    | Note
-------+----------+-------------------------------------------
     0 | D:1      | Orlauf the Demonspawn Gladiator began the quest for the
                  | Orb.
     0 | D:1      | Reached XP level 1. HP: 16/16 MP: 1/1
   280 | D:1      | Reached skill level 3 in Axes
   449 | D:1      | Gained mutation: You regenerate a little health from kills.
                  | [demonic ancestry]
   449 | D:1      | Reached XP level 2. HP: 22/22 MP: 2/2
  1308 | D:2      | Found a faded altar of an unknown god.
  1406 | D:2      | Reached XP level 3. HP: 28/28 MP: 3/3
  1427 | D:2      | Noticed Sigmund
  1481 | D:2      | Gained mutation: Your spells are a little harder to cast,
                  | but a little more powerful. [potion of mutation]
  1481 | D:2      | Gained mutation: Your spells are harder to cast, but more
                  | powerful. [potion of mutation]
  1481 | D:2      | Gained mutation: You are covered in fur. (AC +1) [potion of
                  | mutation]
  1498 | D:2      | Slain by Sigmund

Illustrated notes

Levels and vault maps discovered:
D:1:      nzn_arrival_water_spiral, layout_basic,
          hangedman_decor_clover_reticule
D:2:      layout_loops_cross, shapermc_ecumenical_altar_acropolis, basic_altar,
          minmay_joined_circles, uniq_sigmund

Skill      XL: |  1 |
---------------+----+-----
Axes           | 3 |  3.4
Fighting       | |  2.5
Throwing       | |  1.7
Dodging        | |  2.6

Action                     || total
---------------------------++-------
  Melee: War axe           ||    78
  Throw: Throwing net      ||     3
    Use: Potion            ||     2
 Armour: Ring mail         ||    19
         Scale mail        ||    55
  Dodge: Dodged            ||    51

Table legend: (Time is in decaauts)
 A = Elapsed time spent in this place.
 B = Non-inter-level travel time spent in this place.
 C = Inter-level travel time spent in this place.
 D = Time resting spent in this place.
 E = Time spent auto-exploring this place.
 F = Levels seen in this place.
 G = Mean time per level.
                   A        B        C        D        E       F      G
               +--------+--------+--------+--------+--------+-----+--------+
         Total |   1523 |   1516 |      7 |     50 |   1145 |   2 |  761.5 |
       Dungeon |   1523 |   1516 |      7 |     50 |   1145 |   2 |  761.5 |
               +--------+--------+--------+--------+--------+-----+--------+

Top non-repeatable levels by time:
     D:1: 1183 daAuts
     D:2: 339 daAuts
